 Dungeon Crawl Stone Soup version 0.29-a0-322-g68df515428 (webtiles) character file.

Game seed: 14679597119258862528

8089 Murumi the Fighter (level 11, -7/183 (190) HPs)
             Began as an Ogre Chaos Knight on Apr 8, 2022.
             Was a Plaything of Xom.
             Killed by vampiric draining
             ... invoked by Josephine
              (19 damage)
             ... on level 10 of the Dungeon.
             The game lasted 00:34:52 (11150 turns).

Murumi the Fighter (Ogre Chaos Knight)             Turns: 11150, Time: 00:34:53

HP:   -7/183 (190)  AC: 25    Str: 32    XL:     11   Next: 25%
MP:   18/18         EV:  1    Int: 13    God:    Xom [.*....]
Gold: 503           SH:  5    Dex:  8    Spells: 17/20 levels left

rFire   + . .      SeeInvis .   s - +0 giant club (vorpal)
rCold   . . .      Faith    .   (shield currently unavailable)
rNeg    . . .      Spirit   .   (body armour currently unavailable)
rPois   +          Reflect  +   (helmet currently unavailable)
rElec   .          Harm     .   (cloak currently unavailable)
rCorr   .          Rampage  .   (gloves unavailable)
Will    +....      NoTele   +   (boots unavailable)
Stlth   ++........              D - amulet of reflection
HPRegen 0.40/turn               y - ring "Bitwipusia" {rPois rF+}
MPRegen 0.16/turn               o - +6 ring of strength

@: tree-form (expiring), wereblooded (expiring), hasted (expiring), lightly
drained, very quick
A: stationary, stasis, torment immunity, boosted hp, large, unfitting armour,
(tough skin 1), (horns 1), (iridescent scales 1), (cold resistance 1), (deformed
body), (fire resistance 2), sense surroundings 1, strong 2
a: Renounce Religion


You were on level 10 of the Dungeon.
You worshipped Xom.
You were a plaything of Xom.
You were a tree.
You visited 2 branches of the dungeon, and saw 11 of its levels.

You collected 503 gold pieces.

Inventory:

Hand Weapons
 m - a +2 whip of electrocution
 s - a +0 vorpal giant club (weapon)
Armour
 b - a +2 robe
 l - a +0 cloak (melded)
 C - a +0 troll leather armour (melded)
Jewellery
 a - a ring of ice
 n - a ring of protection from fire
 o - a +6 ring of strength (right branch)
 y - the ring "Bitwipusia" (left branch) {rPois rF+}
   (You found it on level 6 of the Dungeon)

   [ring of protection from fire]

   rF:        It protects you from fire.
   rPois:     It protects you from poison.
 A - a ring of protection from cold
 D - an amulet of reflection (around neck)
Wands
 k - a wand of flame (31)
 x - a wand of paralysis (29)
 B - a wand of polymorph (15)
 E - a wand of charming (8)
Scrolls
 i - 2 scrolls of teleportation
 r - a scroll of enchant armour
 w - 2 scrolls of magic mapping
 F - 2 scrolls of blinking
 G - a scroll of fear
Potions
 d - 2 potions of curing
 e - a potion of magic
 f - a potion of berserk rage
 g - 4 potions of brilliance
 h - 3 potions of mutation
 j - 3 potions of lignification
 p - a potion of invisibility
 q - a potion of attraction
 t - 2 potions of might
 u - a potion of ambrosia
 v - a potion of flight
 z - 2 potions of resistance
Miscellaneous
 c - a piece from Xom's chessboard (15/15) (quivered)


   Skills:
 - Level 13.0 Fighting
 - Level 8.0 Maces & Flails
 - Level 3.0 Armour
 + Level 7.2 Dodging
 - Level 3.0 Stealth
 - Level 5.0 Spellcasting
 - Level 3.0 Transmutations
 - Level 3.0 Evocations


You had 17 spell levels left.
You knew the following spells:

 Your Spells              Type           Power      Damage    Failure   Level
a - Beastly Appendage     Tmut           22%        N/A       5%          1
b - Wereblood             Tmut           11%        N/A       9%          2

Your spell library contained the following spells:

 Spells                   Type           Power      Damage    Failure   Level
 Summon Small Mammal      Summ           12%        N/A       19%         1
 Sublimation of Blood     Necr           3%         N/A       28%         2
 Spider Form              Tmut/Pois      7%         N/A       30%         3
 Call Canine Familiar     Summ           3%         N/A       50%         3
 Gell's Gravitas          Tloc           3%         N/A       50%         3
 Lesser Beckoning         Tloc           3%         N/A       50%         3
 Ozocubu's Armour         Ice            3%         N/A       50%         3
 Summon Guardian Golem    Hex/Summ       3%         N/A       50%         3
 Teleport Other           Tloc           3%         N/A       50%         3
 Tukima's Dance           Hex            3%         N/A       50%         3
 Petrify                  Tmut/Erth      7%         N/A       69%         4
 Anguish                  Hex/Necr       1%         N/A       88%         4
 Irradiate                Conj/Tmut      3%         3d14      95%         5
 Enfeeble                 Hex            1%         N/A       100%        7
 Ozocubu's Refrigeration  Ice            1%         4d5       100%        7


Dungeon Overview and Level Annotations

Branches:
Dungeon (10/15)            Temple (0/1) D:6            Lair (1/6) D:9
    Orc: D:9-12

Altars:
Sif Muna

Annotations:
D:10 Josephine, Maggie, Psyche


Innate Abilities, Weirdness & Mutations

You are a tree.
Your roots penetrate the ground, keeping you stationary.
You cannot be teleported.
You are immune to unholy pain and torment.
Your maximum health is greatly increased.
Your equipment is partially melded.
You are too large for most types of armour.
((You have tough skin. (AC +1)))
((You have a pair of small horns on your head.))
((You are partially covered in iridescent scales. (AC +2)))
((Your flesh is cold resistant. (rC+)))
((Armour fits poorly on your strangely shaped body.))
((Your flesh is very heat resistant. (rF++)))
You passively map a small area around you.
Your muscles are very strong. (Str +4)


Message History

You barely miss Josephine.
Josephine is lightly wounded.
Your transformation is almost over.
Josephine hits you but does no damage.
You closely miss Josephine.
Josephine is lightly wounded.
Josephine hits you with a +0 dagger.
* * * LOW HITPOINT WARNING * * *
Maggie casts a spell.
Maggie attempts to bespell you!
You are mesmerised by Maggie!
You barely miss Josephine.
Josephine is lightly wounded.
Josephine hits you but does no damage.
You break out of your daze!
Unknown command.
You barely miss Josephine.
Josephine is lightly wounded.
You feel yourself speed up. Josephine hits you with a +0 dagger.
* * * LOW HITPOINT WARNING * * *
Unknown command.
You sock Josephine!
Josephine is lightly wounded.
You creak as the wereblood boils in your veins!
Your primal bloodlust is almost over.
You hear a shout!
Josephine hits you with a +0 dagger.
* * * LOW HITPOINT WARNING * * *
You feel better. Josephine hits you but does no damage.
You bludgeon Josephine!!
Josephine is severely wounded.
Josephine grins evilly.
Josephine hits you but does no damage.
You hit Josephine.
Josephine is severely wounded.
Your extra speed is starting to run out.
Josephine draws life force from you!!
You die...
Xom is highly amused!

........# * ####....
.......# ,, *#....
,......###* , ++....
, ....[.., ,,*#....
..... #.... .W. ,
#.... , #W# ,,
*#.... ,, *,#@#, , ,
##### ** #♣# , , *
*,#.# , , , #.# * *
* , * ,#.# , #.#
#.#### * #.)..#####
* ,###......#
#..........#########


You could see Josephine and 2 wraiths.

Vanquished Creatures
  An elephant (D:9)
  The ghost of Murumi the Skirmisher, an amateur OgCK of Xom (D:4)
  2 trolls
  A polar bear (shapeshifter) (D:10)
  Sigmund (D:2)
  3 wyverns (D:9)
  2 wraiths (D:10)
  3 yaks (D:8)
  2 basilisks (D:9)
  A fire bat (D:10)
  2 water moccasins
  A sky beast (D:6)
  An orc warrior (D:10)
  4 black bears
  4 centaurs
  2 phantoms (D:5)
  3 ogres
  2 kobold brigands
  5 bullfrogs
  A scorpion (D:6)
  A necrophage (D:4)
  A wyvern skeleton (D:4)
  10 wights
  14 killer bees
  4 howler monkeys
  4 hounds
  Crazy Yiuf (D:2)
  A bullfrog skeleton (D:4)
  5 orc priests
  An iguana (D:6)
  6 orc wizards
  Robin (D:2)
  3 adders
  2 shadow imps (D:7)
  An ufetubus (D:4)
  A worm (D:2)
  5 dart slugs
  20 orcs
  6 bats
  4 endoplasms
  4 giant cockroaches
  9 hobgoblins
  3 jackals (D:1)
  2 quokkas
  5 ball pythons
  2 frilled lizards
  20 goblins
  12 kobolds
  4 rats (D:1)
194 creatures vanquished.

Vanquished Creatures (collateral kills)
  A wyvern (D:9)
  6 yaks (D:9)
  A hornet zombie (D:4)
  3 killer bees (D:9)
11 creatures vanquished.

Vanquished Creatures (others)
  A fungus (D:9)
  3 plants (D:9)
4 creatures vanquished.

Grand Total: 209 creatures vanquished

Notes
Turn   | Place    | Note
-------+----------+-------------------------------------------
     0 | D:1      | Murumi the Ogre Chaos Knight began the quest for the Orb.
     0 | D:1      | Reached XP level 1. HP: 24/24 MP: 1/1
   197 | D:1      | XOM: divination: magic mapping
   206 | D:1      | Reached XP level 2. HP: 32/32 MP: 2/2
   226 | D:1      | XOM: silly message
   544 | D:1      | Reached XP level 3. HP: 39/39 MP: 3/3
   545 | D:1      | XOM: divination: detect creatures
   581 | D:1      | Learned a level 1 spell: Beastly Appendage
   760 | D:1      | Reached skill level 1 in Armour
   876 | D:2      | Reached skill level 1 in Spellcasting
   954 | D:2      | Noticed Sigmund
   954 | D:2      | Noticed Robin
   968 | D:2      | Killed Sigmund
   969 | D:2      | Reached skill level 1 in Transmutations
   969 | D:2      | Reached skill level 1 in Evocations
   969 | D:2      | Reached skill level 1 in Stealth
   969 | D:2      | Reached skill level 5 in Fighting
   969 | D:2      | Reached XP level 4. HP: 52/52 MP: 3/7
   969 | D:2      | Reached XP level 5. HP: 59/59 MP: 3/8
   986 | D:2      | XOM: enchant monster (good)
   990 | D:2      | Killed Robin
   999 | D:2      | Reached XP level 6. HP: 50/67 MP: 7/9
  1001 | D:2      | Reached skill level 6 in Fighting
  1218 | D:2      | XOM: 4-stop teleportation journey
  1647 | D:2      | Found a runed translucent door.
  1648 | D:2      | Noticed Crazy Yiuf
  1804 | D:2      | Killed Crazy Yiuf
  1951 | D:3      | XOM: cloud trail
  2059 | D:3      | XOM: silly message
  2215 | D:3      | Reached skill level 7 in Fighting
  2313 | D:3      | Found a faded altar of an unknown god.
  2499 | D:3      | XOM: summons 3 hostile shadow creatures
  2604 | D:3      | XOM: give mutations
  2604 | D:3      | Gained mutation: You are clumsy. (Dex -2) [Xom's mischief]
  2604 | D:3      | Gained mutation: You sometimes lose the ability to read
                  | scrolls when taking damage. [Xom's mischief]
  2604 | D:3      | Gained mutation: Your body sometimes deteriorates upon
                  | taking damage. [Xom's mischief]
  2796 | D:4      | Reached XP level 7. HP: 79/79 MP: 10/10
  2860 | D:4      | Found a runed translucent gate.
  2860 | D:4      | Found a runed translucent gate.
  2860 | D:4      | Found a runed translucent gate.
  2861 | D:4      | Noticed Murumi's ghost (amateur OgCK)
  2913 | D:4      | Reached skill level 8 in Fighting
  2916 | D:4      | XOM: silly message
  3203 | D:4      | XOM: summons 3 hostile shadow creatures
  3276 | D:4      | XOM: 2-stop teleportation journey
  4246 | D:4      | XOM: silly message
  4317 | D:4      | XOM: cast spell 'Summon Hydra'
  4322 | D:4      | Killed Murumi's ghost
  4323 | D:4      | Reached XP level 8. HP: 35/89 MP: 9/12
  4324 | D:4      | Reached skill level 9 in Fighting
  4635 | D:5      | Entered Level 5 of the Dungeon
  4827 | D:5      | XOM is BORED!
  5481 | D:5      | Reached skill level 5 in Maces & Flails
  5481 | D:5      | Lost mutation: You sometimes lose the ability to read
                  | scrolls when taking damage. [potion of mutation]
  5481 | D:5      | Lost mutation: You are clumsy. (Dex -2) [potion of
                  | mutation]
  5481 | D:5      | Lost mutation: Your body sometimes deteriorates upon taking
                  | damage. [potion of mutation]
  5481 | D:5      | Gained mutation: Armour fits poorly on your strangely
                  | shaped body. [potion of mutation]
  5481 | D:5      | Gained mutation: You passively map a small area around you.
                  | [potion of mutation]
  5671 | D:5      | XOM: scenery: 1 doors close
  5776 | D:5      | XOM: god gift: staff of poison
  5814 | D:5      | XOM: silly message
  6425 | D:6      | Found a shimmering blue altar of Sif Muna.
  6470 | D:6      | Reached skill level 5 in Dodging
  6505 | D:6      | Reached XP level 9. HP: 92/98 MP: 13/13
  6593 | D:6      | XOM: noise
  6671 | D:6      | Found a staircase to the Ecumenical Temple.
  6671 | D:6      | XOM: 2-stop teleportation journey
  6674 | D:6      | Reached skill level 10 in Fighting
  6678 | D:6      | XOM: cleaving
  6698 | D:6      | XOM: 9-stop teleportation journey
  6839 | D:6      | XOM: 1-stop teleportation journey
  6883 | D:6      | XOM: enchant monster (good)
  7031 | D:6      | XOM: 7-stop teleportation journey
  7061 | D:6      | XOM: give mutations
  7061 | D:6      | Gained mutation: You have a pair of small horns on your
                  | head. [Xom's grace]
  7061 | D:6      | Gained mutation: Your muscles are strong. (Str +2) [Xom's
                  | grace]
  7061 | D:6      | Gained mutation: Your flesh is heat resistant. (rF+) [Xom's
                  | grace]
  7061 | D:6      | Gained mutation: You are partially covered in iridescent
                  | scales. (AC +2) [Xom's grace]
  7140 | D:6      | Identified the ring "Bitwipusia" {rPois rF+}
  7291 | D:6      | XOM: divination: magic mapping
  7361 | D:6      | XOM: give mutations
  7361 | D:6      | Gained mutation: Your flesh is cold resistant. (rC+) [Xom's
                  | grace]
  7361 | D:6      | Gained mutation: Your muscles are very strong. (Str +4)
                  | [Xom's grace]
  7361 | D:6      | Gained mutation: Your flesh is very heat resistant. (rF++)
                  | [Xom's grace]
  7872 | D:7      | XOM: silly message
  7988 | D:8      | Reached skill level 11 in Fighting
  8038 | D:7      | XOM: silly message
  8350 | D:8      | Learned a level 2 spell: Wereblood
  8685 | D:8      | XOM: silly message
  8710 | D:8      | Reached XP level 10. HP: 111/114 MP: 16/16
  9058 | D:9      | Noticed an elephant
  9058 | D:9      | Found a staircase to the Lair.
  9132 | D:9      | Reached skill level 12 in Fighting
  9729 | D:9      | XOM: cast spell 'Alistair's Intoxication'
  9832 | D:9      | Reached skill level 5 in Spellcasting
 10218 | D:9      | XOM: cast spell 'Leda's Liquefaction'
 10228 | D:9      | XOM: divination: magic mapping
 10368 | D:9      | XOM: noise
 10374 | D:9      | Killed an elephant
 10375 | D:9      | Reached XP level 11. HP: 92/126 MP: 18/18
 10620 | Lair:1   | Entered Level 1 of the Lair of Beasts
 10623 | Lair:1   | Reached skill level 13 in Fighting
 10672 | D:10     | Entered Level 10 of the Dungeon
 11084 | D:10     | XOM: god gift: rapier {god gift}
 11092 | D:10     | Noticed Josephine
 11095 | D:10     | Noticed Maggie
 11097 | D:10     | XOM: chaos cloud
 11105 | D:10     | Noticed Psyche
 11106 | D:10     | XOM: cast spell 'Dispersal'
 11110 | D:10     | Paralysed by you for 7 turns
 11116 | D:10     | XOM: swap monsters
 11119 | D:10     | Paralysed by Maggie for 6 turns
 11136 | D:10     | HP: 4/183 [something/ghostly fireball (22)]
 11146 | D:10     | HP: 9/183 [Josephine/+0 dagger (2)]
 11147 | D:10     | HP: 4/183 [Josephine/+0 dagger (6)]
 11150 | D:10     | Killed from afar by Josephine

Illustrated notes

Levels and vault maps discovered:
D:1:      tarquinn_simple_flora_water_a, layout_basic
D:2:      layout_basic, grunt_decor_mini_mirrors, minmay_misc_feat_four_crosses,
          minmay_misc_feat_pillars, uniq_robin, uniq_crazy_yiuf_cottage,
          uniq_sigmund
D:3:      layout_rooms, ebering_ecumenical_altar_rust
D:4:      layout_gridville, gammafunk_ghost_necromancy
D:5:      layout_gridville
D:6:      layout_loops_ring, nicolae_sif_muna_condensation,
          minmay_temple_entry_stoned_glass, st_stairs_7
D:7:      layout_basic
D:8:      layout_gridville
D:9:      layout_basic, david_lair_generic
D:10:     layout_basic, uniq_psyche, uniq_josephine, uniq_maggie
Lair:1:   layout_hall_layers, grunt_megastairs_4

Skill      XL: |  1  2  3  4  5  6  7  8  9 10 11 |
---------------+----------------------------------+-----
Maces & Flails | 3 4 5 6 7 8 |  8.0
Dodging        | 3 4 5 6 7 |  7.2
Armour         | 1 2 3 |  3.0
Spellcasting   | 2 3 4 5 |  5.0
Transmutations | 1 2 3 |  3.0
Evocations     | 1 2 3 |  3.0
Stealth        | 1 2 3 |  3.0
Fighting       | 5 7 8 9 11 12 13 | 13.0

Action                   |  1- 3 |  4- 6 |  7- 9 | 10-12 || total
-------------------------+-------+-------+-------+-------++-------
Melee: Mace              |    94 |    40 |       |       ||   134
       Punch             |     3 |       |       |       ||     3
       Headbutt          |     3 |       |    15 |    14 ||    32
       Kick              |     1 |       |    11 |     8 ||    20
       Quarterstaff      |       |    61 |       |       ||    61
       Giant club        |       |     3 |   323 |   146 ||   472
 Cast: Beastly Appendage |     1 |       |    12 |     5 ||    18
       Wereblood         |       |       |       |     2 ||     2
Evoke: Piece from Xom's  |       |     1 |     7 |       ||     8
  Use: Scroll            |     2 |     9 |     9 |     5 ||    25
       Potion            |       |       |     1 |     4 ||     5
 Stab: Paralysed         |       |     7 |       |     1 ||     8
       Petrifying        |       |       |     1 |       ||     1
       Petrified         |       |       |     1 |       ||     1
       Sleeping          |       |       |       |     1 ||     1
Armor: Robe              |    54 |    42 |   186 |    27 ||   309
       Troll leather arm |       |       |       |    35 ||    35
       Skin              |       |       |       |    13 ||    13
Dodge: Dodged            |    57 |    49 |   201 |   125 ||   432
Block: Other             |       |       |     5 |    53 ||    58
       Reflection        |       |       |       |     1 ||     1

Table legend: (Time is in decaauts)
 A = Elapsed time spent in this place.
 B = Non-inter-level travel time spent in this place.
 C = Inter-level travel time spent in this place.
 D = Time resting spent in this place.
 E = Time spent auto-exploring this place.
 F = Levels seen in this place.
 G = Mean time per level.
                   A        B        C        D        E       F      G
               +--------+--------+--------+--------+--------+-----+--------+
         Total |  11370 |  10595 |    775 |    208 |   8656 |  11 | 1033.6 |
       Dungeon |  11334 |  10574 |    760 |    208 |   8638 |  10 | 1133.4 |
          Lair |     36 |     22 |     14 |      0 |     18 |   1 |   36.0 |
               +--------+--------+--------+--------+--------+-----+--------+

Top non-repeatable levels by time:
     D:4: 2167 daAuts
     D:5: 1741 daAuts
     D:9: 1503 daAuts
     D:8: 1216 daAuts
     D:2: 1077 daAuts
     D:6: 1035 daAuts
     D:1: 871 daAuts
     D:3: 693 daAuts
     D:7: 623 daAuts
    D:10: 406 daAuts
  Lair:1: 36 daAuts
